 Dungeon Crawl Stone Soup version 0.29-a0-330-g52719c12eb (webtiles) character file.

Game seed: 9191150520583674190

1320 tilp the Firebug (level 8, -9/57 (58) HPs)
             Began as a Gnoll Fire Elementalist on May 1, 2022.
             Was a Believer of Zin.
             Mangled by an orc warrior
             ... wielding a +0 glaive
              (17 damage)
             ... on level 8 of the Dungeon.
             The game lasted 00:09:16 (6187 turns).

tilp the Firebug (Gnoll Fire Elementalist)          Turns: 6187, Time: 00:09:17

HP:   -9/57 (58)    AC:  6    Str:  8    XL:     8   Next: 59%
MP:   10/17         EV: 13    Int: 17    God:    Zin [**....]
Gold: 300           SH:  0    Dex: 12    Spells: 16/19 levels left

rFire   . . .      SeeInvis .   b - +1 flail (elec)
rCold   . . .      Faith    .   (no shield)
rNeg    . . .      Spirit   .   d - +0 leather armour
rPois   .          Reflect  .   (no helmet)
rElec   .          Harm     .   p - +2 cloak
rCorr   .          Rampage  .   (no gloves)
Will    .....                   (no boots)
Stlth   +++.......              q - amulet of regeneration
HPRegen 0.99/turn               (no ring)
MPRegen 0.15/turn               (no ring)

@: lightly drained
A: fangs 1, strong nose, distributed training
a: Renounce Religion, Recite, Vitalisation, Donate Gold


You were on level 8 of the Dungeon.
You worshipped Zin.
Zin was pleased with you.
You visited 1 branch of the dungeon, and saw 7 of its levels.

You collected 333 gold pieces.
You donated 33 gold pieces to Zin.

Inventory:

Hand Weapons
 a - a +3 whip of freezing
 b - a +1 flail of electrocution (weapon)
Missiles
 l - 5 boomerangs (quivered)
 o - 131 stones
 s - a throwing net
 t - 5 poisoned darts
 v - a silver boomerang
Armour
 d - a +0 leather armour (worn)
 p - a +2 cloak (worn)
Jewellery
 c - a ring of ice
 q - an amulet of regeneration (around neck)
Wands
 e - a wand of flame (14)
 z - a wand of iceblast (10)
Scrolls
 g - 3 scrolls of vulnerability
 n - a scroll of amnesia
 w - a scroll of acquirement
 x - a scroll of teleportation {unknown}
 y - a scroll of enchant weapon
 A - a scroll of fog {unknown}
Potions
 f - 3 potions of haste
 h - 5 potions of mutation {unknown}
 i - a potion of magic
 j - a potion of attraction {unknown}
 k - 5 potions of curing {unknown}
 m - a potion of degeneration {unknown}
 r - a potion of flight {unknown}
 u - 2 potions of ambrosia {unknown}


   Skills:
 + Level 3.4 Fighting
 + Level 3.4 Short Blades
 + Level 3.4 Long Blades
 + Level 3.4 Axes
 + Level 3.4 Maces & Flails
 + Level 3.4 Polearms
 + Level 3.4 Staves
 + Level 3.4 Slings
 + Level 3.4 Bows
 + Level 3.4 Crossbows
 + Level 3.4 Throwing
 + Level 3.4 Armour
 + Level 5.8 Dodging
 + Level 5.4 Stealth
 + Level 3.4 Shields
 + Level 3.4 Unarmed Combat
 + Level 6.1 Spellcasting
 + Level 3.5 Conjurations
 + Level 2.8 Hexes
 + Level 2.8 Summonings
 + Level 2.8 Necromancy
 + Level 2.8 Translocations
 + Level 2.8 Transmutations
 + Level 6.2 Fire Magic
 + Level 2.8 Ice Magic
 + Level 2.8 Air Magic
 + Level 2.8 Earth Magic
 + Level 2.8 Poison Magic
 + Level 3.7 Invocations
 + Level 3.4 Evocations


You had 16 spell levels left.
You knew the following spells:

 Your Spells              Type           Power      Damage    Failure   Level
a - Foxfire               Conj/Fire      84%        2x1d8     2%          1
b - Scorch                Fire           52%        2d7       2%          2

Your spell library contained the following spells:

 Spells                   Type           Power      Damage    Failure   Level
 Conjure Flame            Conj/Fire      21%        6-21      7%          3
 Sublimation of Blood     Necr           14%        N/A       9%          2
 Inner Flame              Hex/Fire       20%        N/A       9%          3
 Frozen Ramparts          Ice            28%        1d4       17%         3
 Flame Wave               Conj/Fire      21%        2d7       24%         4
 Ice Form                 Ice/Tmut       14%        N/A       50%         4
 Petrify                  Tmut/Erth      14%        N/A       50%         4
 Summon Ice Beast         Ice/Summ       14%        N/A       50%         4
 Irradiate                Conj/Tmut      8%         3d16      80%         5


Dungeon Overview and Level Annotations

Branches:
Dungeon (6/15)             Temple (0/1) D:6

Altars:
Vehumet
Zin

Shops:
D:4 (


Innate Abilities, Weirdness & Mutations

You have very sharp teeth.
Your uncanny sense of smell can sniff out nearby items.
Your experience applies equally to all skills.


Message History

Unknown command.
You completely miss the necrophage. The necrophage hits you.
* * * LOW HITPOINT WARNING * * *
Unknown command.
You hit the necrophage.
The necrophage is lightly damaged.
The necrophage closely misses you. The orc closely misses you.
Unknown command.
You hit the necrophage.
The necrophage is moderately damaged.
The orc priest calls down the wrath of Beogh upon you.
Beogh smites you!
* * * LOW HITPOINT WARNING * * *
The necrophage hits you.
* * * LOW HITPOINT WARNING * * *
The orc barely misses you.
A howler monkey comes into view.
The necrophage closely misses you. The orc barely misses you.
Casting: Scorch (safe; 2% risk of failure)
Confirm with . or Enter, or press ? or * to list all spells.
Flames lash the orc priest.
The orc priest is heavily wounded.
The orc priest's fire resistance burns away.
The howler monkey howls!
You hear a howl!
The howler monkey hoots and howls with incredible vigour!
The necrophage closely misses you. The orc hits you but does no damage.
The orc warrior closely misses you.
You hear a shout!
You hear an angry buzzing noise.
Casting: Scorch (safe; 2% risk of failure)
Confirm with . or Enter, or press ? or * to list all spells.
Flames lash the orc.
The orc is heavily wounded.
The orc's fire resistance burns away.
You hear a bellow!
A howler monkey comes into view.
The necrophage hits you.
* * * LOW HITPOINT WARNING * * *
The orc barely misses you.
The orc warrior hits you from afar with a +0 glaive!
You die...

#..#......#
##...?....
.........## .
...h.....##### .#
#.........##..#
#......#.......
#....#.........
########........
#.o)@noo........
hh..)#######.......
.#. #######


You could see an orc warrior, a necrophage, 2 howler monkeys, an orc priest
(combustible) and an orc (combustible).

Vanquished Creatures
  An ice beast (D:5)
  A black bear (D:4)
  2 sky beasts (D:5)
  2 phantoms
  A necrophage (D:5)
  A howler monkey (D:8)
  2 hounds
  A gnoll shaman (D:5)
  3 jellies
  An orc priest (D:8)
  4 orc wizards
  Natasha (thrice) (D:2)
  12 gnolls
  8 adders
  2 ufetubi
  2 dart slugs (D:1)
  A worm (D:2)
  15 orcs
  4 bats
  7 endoplasms
  4 giant cockroaches
  7 goblins
  3 hobgoblins
  11 jackals
  5 kobolds
  3 quokkas
  11 ball pythons
  2 frilled lizards
  6 rats
125 creatures vanquished.

Vanquished Creatures (others)
  84 foxfires
84 creatures vanquished.

Grand Total: 209 creatures vanquished

Notes
Turn   | Place    | Note
-------+----------+-------------------------------------------
     0 | D:1      | tilp the Gnoll Fire Elementalist began the quest for the
                  | Orb.
     0 | D:1      | Reached XP level 1. HP: 13/13 MP: 6/6
    97 | D:1      | Reached XP level 2. HP: 19/19 MP: 5/7
   185 | D:1      | Learned a level 2 spell: Scorch
   555 | D:1      | Reached XP level 3. HP: 17/25 MP: 9/9
   719 | D:1      | Reached skill level 5 in Spellcasting
  1363 | D:2      | Reached skill level 1 in Invocations
  1471 | D:2      | Noticed Natasha
  1481 | D:2      | Killed Natasha
  1482 | D:2      | Reached skill level 1 in Fighting
  1482 | D:2      | Reached skill level 1 in Short Blades
  1482 | D:2      | Reached skill level 1 in Long Blades
  1482 | D:2      | Reached skill level 1 in Axes
  1482 | D:2      | Reached skill level 1 in Maces & Flails
  1482 | D:2      | Reached skill level 1 in Polearms
  1482 | D:2      | Reached skill level 1 in Staves
  1482 | D:2      | Reached skill level 1 in Slings
  1482 | D:2      | Reached skill level 1 in Bows
  1482 | D:2      | Reached skill level 1 in Crossbows
  1482 | D:2      | Reached skill level 1 in Throwing
  1482 | D:2      | Reached skill level 1 in Armour
  1482 | D:2      | Reached skill level 1 in Shields
  1482 | D:2      | Reached skill level 1 in Unarmed Combat
  1482 | D:2      | Reached skill level 1 in Evocations
  1482 | D:2      | Reached XP level 4. HP: 24/32 MP: 6/11
  1695 | D:2      | Noticed Natasha
  1700 | D:2      | Killed Natasha
  1701 | D:2      | Reached skill level 1 in Hexes
  1701 | D:2      | Reached skill level 1 in Summonings
  1701 | D:2      | Reached skill level 1 in Necromancy
  1701 | D:2      | Reached skill level 1 in Translocations
  1701 | D:2      | Reached skill level 1 in Transmutations
  1701 | D:2      | Reached skill level 1 in Ice Magic
  1701 | D:2      | Reached skill level 1 in Air Magic
  1701 | D:2      | Reached skill level 1 in Earth Magic
  1701 | D:2      | Reached skill level 1 in Poison Magic
  1915 | D:2      | Found a faded altar of an unknown god.
  2008 | D:2      | Reached XP level 5. HP: 37/37 MP: 6/12
  2008 | D:2      | Noticed Natasha
  2014 | D:2      | Killed Natasha
  3013 | D:3      | Found a glowing silver altar of Zin.
  3301 | D:3      | Reached XP level 6. HP: 44/44 MP: 8/13
  3431 | D:3      | Became a worshipper of Zin the Law-Giver
  3431 | D:3      | Reached * piety under Zin
  3631 | D:4      | Reached skill level 5 in Dodging
  4242 | D:4      | Noticed a black bear
  4251 | D:4      | Killed a black bear
  4252 | D:4      | Reached XP level 7. HP: 50/50 MP: 7/15
  4472 | D:4      | Found Vozu's Weapon Shop.
  4777 | D:5      | Entered Level 5 of the Dungeon
  4840 | D:5      | Reached ** piety under Zin
  4875 | D:5      | Reached skill level 5 in Stealth
  4947 | D:5      | Reached XP level 8. HP: 57/57 MP: 14/16
  5618 | D:5      | Identified a scroll of acquirement
  6017 | D:6      | Found a radiant altar of Vehumet.
  6157 | D:6      | Found a staircase to the Ecumenical Temple.
  6157 | D:6      | You fall into a shaft and drop 2 floors!
  6187 | D:8      | Mangled by an orc warrior

Illustrated notes

Levels and vault maps discovered:
D:1:      scummos_arrival_checkerplants, layout_basic, minmay_heptomino_o4
D:2:      layout_basic, basic_ecumenical_altar, grunt_ministairs_10,
          uniq_natasha
D:3:      layout_basic, mainiacjoe_overflow_small_starburst,
          minmay_fractal_squares_gapless_5
D:4:      layout_loops_corners, serial_shops, nicolae_shop_bloodbath_and_beyond
D:5:      layout_basic
D:6:      layout_gridville, vehumet_crystals, minmay_temple_entry_slanted
D:8:      layout_rooms

Skill      XL: |  1  2  3  4  5  6  7  8 |
---------------+-------------------------+-----
Conjurations   | 2 3 |  3.5
Spellcasting   | 5 6 |  6.1
Invocations    | 1 2 3 |  3.7
Fighting       | 1 2 3 |  3.4
Short Blades   | 1 2 3 |  3.4
Long Blades    | 1 2 3 |  3.4
Axes           | 1 2 3 |  3.4
Maces & Flails | 1 2 3 |  3.4
Polearms       | 1 2 3 |  3.4
Staves         | 1 2 3 |  3.4
Slings         | 1 2 3 |  3.4
Bows           | 1 2 3 |  3.4
Crossbows      | 1 2 3 |  3.4
Throwing       | 1 2 3 |  3.4
Armour         | 1 2 3 |  3.4
Shields        | 1 2 3 |  3.4
Unarmed Combat | 1 2 3 |  3.4
Evocations     | 1 2 3 |  3.4
Hexes          | 1 2 |  2.8
Summonings     | 1 2 |  2.8
Necromancy     | 1 2 |  2.8
Translocations | 1 2 |  2.8
Transmutations | 1 2 |  2.8
Ice Magic      | 1 2 |  2.8
Air Magic      | 1 2 |  2.8
Earth Magic    | 1 2 |  2.8
Poison Magic   | 1 2 |  2.8
Dodging        | 5 |  5.8
Stealth        | 5 |  5.4
Fire Magic     | 6 |  6.2

Action                   |  1- 3 |  4- 6 |  7- 9 || total
-------------------------+-------+-------+-------++-------
Melee: Whip              |    22 |    11 |    11 ||    44
       Flail             |     1 |       |    85 ||    86
       Bite              |       |     1 |     9 ||    10
       Punch             |       |       |     1 ||     1
 Cast: Foxfire           |    24 |    19 |     8 ||    51
       Scorch            |    13 |    56 |    41 ||   110
  Use: Scroll            |     2 |     3 |     3 ||     8
 Stab: Sleeping          |     3 |       |     3 ||     6
Armor: Robe              |     3 |       |       ||     3
       Leather armour    |     3 |     9 |    43 ||    55
Dodge: Dodged            |    20 |    12 |   110 ||   142

Table legend: (Time is in decaauts)
 A = Elapsed time spent in this place.
 B = Non-inter-level travel time spent in this place.
 C = Inter-level travel time spent in this place.
 D = Time resting spent in this place.
 E = Time spent auto-exploring this place.
 F = Levels seen in this place.
 G = Mean time per level.
                   A        B        C        D        E       F      G
               +--------+--------+--------+--------+--------+-----+--------+
         Total |   6216 |   5962 |    254 |    342 |   4763 |   7 |  888.0 |
       Dungeon |   6216 |   5962 |    254 |    342 |   4763 |   7 |  888.0 |
               +--------+--------+--------+--------+--------+-----+--------+

Top non-repeatable levels by time:
     D:4: 1299 daAuts
     D:1: 1248 daAuts
     D:3: 1133 daAuts
     D:2: 1104 daAuts
     D:5: 1006 daAuts
     D:6: 390 daAuts
     D:8: 32 daAuts
